Map: Lightshade LE

Players

uwuThermal (uThermal) - Winner!

  • Race: Terran Terran
  • Spawn Location: 5:00

milkicow

  • Race: Terran Terran
  • League: Grandmaster
  • Spawn Location: 11:00

Event: DreamHack SC2 Masters 2020 Winter

VOD

Have the link to the VOD?

Description

Time

  • Played on: Oct. 25, 2020, 1:23 p.m.
  • Length: 18:36

All games in this series

Show
View Real Time Build Order
Export as new Build Order

uwuThermal Terran - Winner!

Build Orders: Mech 

Get SALT Encoding   

  12  0:00  SCV  
  13  0:12  SCV  
  14  0:16  Supply Depot  
  14  0:24  SCV  
  15  0:38  SCV  
  15  0:40  Barracks  
  16  0:43  Refinery  
  16  0:50  SCV  
  16  0:51  Refinery  
  17  1:02  SCV  
  18  1:14  SCV  
  19  1:27  Reaper, Orbital Command  
  19  1:28  Supply Depot  
  20  1:42  Factory  
  20  1:53  SCV  
  21  1:59  Reaper  
  22  2:05  SCV  
  23  2:20  SCV  
  24  2:26  Hellion  
  26  2:32  SCV  
  26  2:33  Command Center  
  27  2:39  Starport  
  27  2:42  Barracks Reactor  
  27  2:44  SCV  
  27  2:50  Widow Mine  
  30  2:55  Supply Depot  
  30  2:56  SCV  
  30  3:09  SCV  
  30  3:12  Factory Tech Lab  
  31  3:19  Marine x2  
  33  3:21  SCV, Starport Tech Lab  
  34  3:27  Refinery  
  34  3:31  Cyclone  
  34  3:33  SCV  
  38  3:36  Marine  
  39  3:45  SCV, Marine  
  41  3:50  Orbital Command  
  41  3:57  SCV, Marine  
  43  4:03  Marine  
  43  4:09  SCV  
  45  4:10  Raven  
  45  4:16  SCV  
  48  4:20  Marine x2, Siege Tank  
  48  4:22  SCV  
  48  4:24  Supply Depot  
  52  4:28  SCV  
  53  4:34  SCV  
  54  4:44  Command Center  
  54  4:45  SCV  
  55  4:47  Supply Depot  
  55  4:48  SCV  
  56  4:53  Raven  
  56  4:57  SCV  
  59  5:02  SCV  
  59  5:06  Marine  
  59  5:07  Marine  
  61  5:08  Refinery  
  61  5:09  Siege Tank  
  61  5:10  SCV  
  61  5:12  Supply Depot  
  66  5:15  SCV  
  67  5:22  SCV, Supply Depot  
  67  5:24  Marine x2  
  70  5:33  SCV  
  70  5:34  SCV  
  71  5:35  Raven  
  71  5:36  Engineering Bay  
  71  5:42  Marine x2, Siege Tank  
  77  5:45  Supply Depot  
  77  5:46  SCV  
  77  5:47  SCV  
  80  5:58  SCV  
  80  5:59  SCV  
  80  6:02  Marine x2  
  84  6:10  SCV  
  85  6:12  SCV  
  85  6:14  Siege Tank  
  88  6:22  SCV  
  88  6:24  SCV  
  90  6:25  Factory  
  90  6:27  Orbital Command, Factory  
  90  6:31  Barracks Reactor  
  90  6:32  Missile Turret  
  90  6:34  SCV, Missile Turret, Refinery  
  90  6:36  Viking, SCV  
  90  6:39  Refinery  
  94  6:40  Viking  
  94  6:46  SCV  
  97  6:48  SCV  
  97  6:49  Supply Depot  
  97  6:53  SCV  
  99  6:58  SCV  
  99  7:00  SCV  
  101  7:04  Sensor Tower  
  101  7:05  SCV  
  101  7:06  Viking  
  103  7:10  SCV, Supply Depot, Viking  
  103  7:12  SCV  
  103  7:14  Siege Tank  
  110  7:17  SCV  
  110  7:19  Siege Tank  
  110  7:21  Hellion  
  116  7:22  SCV  
  116  7:24  SCV  
  116  7:29  Armory  
  117  7:30  Armory  
  117  7:31  SCV  
  117  7:32  Supply Depot  
  117  7:34  SCV  
  119  7:37  Viking  
  119  7:40  Viking  
  119  7:41  Supply Depot  
  123  7:46  Hellion  
  124  7:53  Siege Tank  
  124  7:56  SCV  
  127  7:59  Supply Depot x2, Siege Tank  
  127  8:00  SCV, Hellion  
  127  8:02  Supply Depot  
  133  8:07  Viking  
  133  8:10  Viking  
  136  8:18  Supply Depot, Command Center  
  136  8:20  Terran Vehicle Weapons Level 1  
  136  8:24  Terran Vehicle And Ship Armor Level 1  
  136  8:25  Hellion  
  136  8:26  Siege Tank  
  141  8:29  Hellion  
  141  8:32  Hellion  
  144  8:37  Viking, Supply Depot  
  144  8:40  Viking  
  147  8:46  Supply Depot, Smart Servos, Infernal Pre-Igniter, Hellion  
  146  9:00  Supply Depot, Factory x2, Siege Tank  
  149  9:03  Siege Tank  
  149  9:07  Viking  
  154  9:11  Viking  
  156  9:18  Missile Turret  
  156  9:20  Missile Turret  
  156  9:21  Supply Depot  
  156  9:22  Missile Turret  
  156  9:25  Hellion  
  156  9:26  Hellion  
  156  9:29  Supply Depot  
  160  9:32  Siege Tank  
  160  9:37  SCV x2  
  163  9:41  Viking x2  
  169  9:49  Factory Reactor, Factory Tech Lab  
  169  9:50  Hellion, Siege Tank  
  169  9:52  SCV  
  169  10:00  SCV  
  169  10:03  Planetary Fortress  
  175  10:07  Hellion, Sensor Tower, Siege Tank  
  175  10:11  Refinery x2  
  175  10:14  Missile Turret  
  175  10:15  Siege Tank  
  175  10:17  Hellion  
  175  10:18  SCV  
  175  10:19  SCV  
  181  10:23  Hellion  
  181  10:26  Hellion  
  185  10:30  Hellion  
  185  10:31  SCV  
  188  10:38  Hellion x2  
  188  10:39  Siege Tank  
  181  10:44  Siege Tank  
  181  10:47  Siege Tank  
  181  10:49  Liberator  
  171  10:57  Missile Turret x2  
  174  10:59  Terran Vehicle And Ship Armor Level 2  
  174  11:01  Hellion  
  176  11:09  Hellion, Terran Vehicle Weapons Level 2  
  176  11:10  Hellion  
  183  11:11  Siege Tank  
  183  11:15  SCV x4  
  187  11:19  Hellion  
  189  11:26  Siege Tank x2  
  189  11:27  SCV x2  
  197  11:38  Command Center  
  197  11:43  Command Center  
  197  11:49  Hellion  
  197  11:51  Siege Tank  
  197  11:52  Hellion  
  200  12:01  Missile Turret  
  200  12:02  Missile Turret  
  200  12:14  Starport  
  200  12:16  Starport x3  
  186  12:49  Factory x2  
  186  12:50  Factory  
  182  12:52  Factory x2  
  170  13:05  Planetary Fortress  
  134  13:32  Factory Tech Lab  
  134  13:33  Command Center  
  133  13:34  Starport  
  133  13:35  Starport  
  130  13:42  Hellion  
  130  13:48  SCV  
  103  14:30  Starport Reactor, Factory Reactor, Factory  
  102  14:32  Factory  
  102  14:34  Factory  
  102  14:43  Starport Reactor  
  96  14:58  SCV, Command Center  
  97  15:03  SCV  
  98  15:09  Command Center  
  98  15:11  SCV  
  99  15:17  Factory Tech Lab  
  99  15:20  Factory Reactor, Factory Tech Lab  
  99  15:21  Factory Reactor, Factory Tech Lab  
  99  15:23  SCV, Factory Reactor  
  99  15:25  SCV  
  99  15:28  Viking x3  
  103  15:33  SCV  
  103  15:35  SCV  
  102  15:39  SCV  
  103  15:45  Siege Tank  
  103  15:46  Siege Tank  
  103  15:47  SCV  
  106  15:54  Siege Tank  
  106  15:55  SCV  
  107  15:59  SCV  
  107  16:03  Hellion x3  
  113  16:11  SCV  
  113  16:17  Siege Tank  
  113  16:18  Siege Tank  
  104  16:21  Hellion  
  104  16:23  SCV  
  107  16:26  Siege Tank  
  107  16:30  Liberator x2  
  116  16:34  Liberator  
  119  16:40  Liberator  
  119  16:43  Hellion  
  119  16:47  SCV  
  125  16:49  Planetary Fortress  
  125  16:50  Siege Tank  
  125  16:52  SCV  
  129  16:55  Hellion  
  129  16:57  Hellion  
  135  17:01  Hellion  
  135  17:05  Siege Tank  
  130  17:09  Missile Turret  
  130  17:14  Hellion  
  132  17:17  Hellion x5  
  132  17:20  Hellion  
  136  17:24  Hellion  
  138  17:30  Viking  
  138  17:35  Viking  
  142  17:42  SCV  
  142  17:43  SCV x3, Refinery  
  146  17:44  Refinery  
  146  17:46  Hellion  
  148  17:53  Siege Tank  
  148  18:03  Hellion, Siege Tank  
  148  18:05  Hellion  
  150  18:10  SCV x2  
  150  18:11  SCV  
  150  18:12  Hellion  
Show
View Real Time Build Order
Export as new Build Order

milkicow Terran 

Build Orders: Gas First Reaper Expand 

Get SALT Encoding   

  12  0:00  SCV  
  13  0:13  SCV  
  14  0:17  Supply Depot  
  14  0:25  SCV  
  14  0:27  Refinery  
  15  0:39  SCV  
  16  0:44  Barracks  
  16  0:51  SCV  
  17  1:03  SCV  
  18  1:15  SCV  
  19  1:31  Reaper, Orbital Command  
  20  1:43  Command Center  
  20  1:56  Factory  
  20  1:58  SCV  
  21  2:07  Supply Depot  
  21  2:08  Barracks Reactor  
  21  2:19  SCV  
  21  2:21  Refinery  
  22  2:31  SCV  
  22  2:41  Hellion  
  22  2:44  Marine x2  
  25  2:45  Starport  
  25  2:48  SCV  
  27  3:00  SCV  
  27  3:02  Orbital Command  
  26  3:06  Marine x2  
  26  3:07  Factory Tech Lab  
  26  3:12  SCV  
  29  3:24  SCV  
  29  3:25  Marine x2  
  32  3:27  Cyclone  
  32  3:30  SCV  
  32  3:34  Starport Tech Lab  
  36  3:37  Refinery  
  36  3:43  SCV x2, Orbital Command  
  38  3:49  Supply Depot  
  38  3:53  Marine  
  38  3:54  Banshee, Marine  
  43  4:01  SCV  
  43  4:11  SCV, Marine  
  43  4:12  Marine  
  43  4:13  SCV  
  47  4:21  Siege Tank  
  47  4:23  SCV  
  51  4:25  SCV  
  51  4:27  Supply Depot  
  52  4:33  Marine  
  52  4:35  Marine  
  54  4:45  Supply Depot  
  54  4:48  SCV x2, Raven  
  54  4:51  Supply Depot  
  58  4:53  Marine, Siege Tank  
  62  5:04  SCV x2  
  61  5:08  Supply Depot  
  61  5:13  Command Center  
  61  5:16  SCV  
  61  5:17  SCV  
  61  5:20  Supply Depot  
  63  5:27  Siege Tank  
  63  5:28  SCV  
  67  5:29  SCV  
  67  5:31  Raven  
  70  5:36  Refinery  
  70  5:40  SCV  
  70  5:41  SCV, Marine  
  70  5:42  Marine  
  74  5:52  SCV  
  74  5:53  SCV  
  74  6:00  Siege Tank  
  77  6:04  SCV  
  77  6:05  SCV, Barracks  
  77  6:06  Barracks  
  79  6:16  SCV  
  79  6:17  SCV  
  81  6:23  Stimpack, Marine  
  82  6:27  Engineering Bay, Orbital Command  
  82  6:28  SCV, Engineering Bay  
  82  6:30  SCV, Viking  
  82  6:32  Supply Depot  
  86  6:36  Viking  
  88  6:40  SCV, Siege Tank  
  88  6:42  SCV  
  93  6:49  Marine  
  93  6:53  SCV  
  96  6:54  SCV  
  96  6:57  Barracks Reactor x2  
  96  6:58  Terran Infantry Weapons Level 1, Terran Infantry Armor Level 1  
  97  7:05  SCV, Viking  
  100  7:08  SCV  
  100  7:12  Orbital Command, Marine  
  100  7:13  Siege Tank  
  104  7:17  SCV  
  104  7:20  SCV  
  104  7:22  Barracks  
  106  7:23  Supply Depot, Barracks  
  106  7:24  Supply Depot  
  106  7:29  SCV  
  106  7:30  Refinery, Marine  
  106  7:32  SCV, Refinery  
  106  7:33  Marine x4  
  110  7:40  Viking  
  110  7:41  SCV  
  110  7:42  Viking  
  115  7:44  SCV  
  115  7:45  SCV  
  115  7:50  Marine, Siege Tank  
  121  7:53  SCV  
  121  7:55  Marine  
  121  7:56  Marine  
  124  8:02  SCV  
  124  8:03  SCV, Barracks Tech Lab  
  124  8:05  SCV  
  127  8:08  Marine  
  128  8:13  Marine x2  
  128  8:14  SCV, Command Center  
  128  8:15  SCV  
  128  8:18  Barracks Tech Lab  
  128  8:19  SCV  
  133  8:20  Combat Shield  
  133  8:25  Supply Depot  
  133  8:26  Medivac x2  
  137  8:29  Supply Depot  
  137  8:31  Marine  
  137  8:33  SCV  
  138  8:34  Armory  
  138  8:40  Marine  
  139  8:41  SCV  
  139  8:44  Marauder  
  139  8:46  SCV, Marauder x2  
  139  8:48  Supply Depot  
  146  8:53  Marine  
  146  8:54  SCV  
  148  8:57  SCV  
  148  8:58  Medivac, Siege Tank  
  152  9:03  Medivac  
  152  9:06  SCV, Marauder  
  152  9:08  Supply Depot  
  158  9:10  Marauder  
  158  9:11  Marauder  
  158  9:14  SCV  
  161  9:17  Supply Depot  
  161  9:18  SCV, Supply Depot  
  161  9:19  SCV  
  163  9:26  Marine  
  163  9:27  Marauder  
  163  9:29  Barracks  
  166  9:36  Marauder x2, Marine  
  166  9:37  SCV x2  
  172  9:44  Terran Infantry Weapons Level 2, Barracks  
  169  9:46  SCV  
  169  9:51  Concussive Shells  
  169  9:52  Terran Infantry Armor Level 2  
  165  9:57  Terran Ship Weapons Level 1  
  165  10:00  Marauder  
  165  10:01  Marauder  
  165  10:05  SCV  
  170  10:10  Marauder, Marine  
  170  10:13  Marine  
  173  10:20  Medivac, Siege Tank  
  178  10:21  Barracks Tech Lab  
  178  10:22  Marauder  
  178  10:23  Marauder  
  182  10:29  Planetary Fortress  
  181  10:35  Marauder  
  177  10:43  Marauder  
  177  10:44  Marauder  
  177  10:45  Marauder  
  158  10:51  Medivac x2  
  158  10:52  SCV  
  158  10:54  Marine x2, Siege Tank  
  170  10:57  Marauder  
  170  10:58  SCV  
  173  11:04  Marauder  
  173  11:06  Marauder x2  
  173  11:10  Command Center  
  178  11:12  Marine  
  181  11:18  Marauder  
  181  11:21  Medivac  
  181  11:22  Barracks Tech Lab  
  181  11:24  Command Center  
  182  11:26  Refinery x2, Starport x2  
  182  11:29  Marauder  
  182  11:30  Siege Tank  
  189  11:40  Marauder  
  188  11:47  Supply Depot, Marauder, Sensor Tower  
  188  11:48  Missile Turret  
  188  11:53  Marauder x2  
  188  11:54  Marauder  
  196  11:59  Command Center  
  198  12:01  Marauder  
  195  12:09  Marauder  
  195  12:11  Siege Tank  
  200  12:18  Marauder  
  188  12:23  Marauder  
  188  12:26  Viking, Marauder x2  
  196  12:30  Marauder  
  196  12:35  Missile Turret  
  198  12:37  Orbital Command  
  198  12:40  Marauder  
  191  12:45  Marauder  
  191  12:47  Marauder  
  191  12:48  Marine x2  
  190  12:58  Marauder, Marine  
  183  12:59  Viking x2, Siege Tank  
  183  13:00  Viking  
  183  13:02  Orbital Command  
  171  13:09  Marauder, Marine  
  174  13:13  Marauder  
  174  13:15  Marauder  
  174  13:18  Marauder, Marine  
  174  13:19  Marauder  
  177  13:28  Planetary Fortress  
  177  13:30  Orbital Command  
  177  13:31  Hellbat, Marine  
  177  13:32  Viking x2, Marine  
  177  13:33  Missile Turret  
  177  13:34  Missile Turret, Marine  
  182  13:35  Viking x2, Marine  
  182  13:36  Marine  
  182  13:39  Marine  
  182  13:41  Marauder  
  176  13:49  Marine  
  176  13:50  Marauder  
  176  13:51  Marine  
  176  13:54  Marauder, Marine  
  183  13:58  Marauder  
  183  14:02  Medivac x2, Marauder  
  185  14:07  Marine  
  177  14:10  Marauder  
  177  14:11  Marauder, Marine  
  177  14:14  Viking x2  
  177  14:15  Marauder  
  178  14:27  Command Center  
  172  14:41  Marine  
  172  14:42  Marine x3  
  172  14:43  Marauder  
  165  14:45  Marauder x2  
  146  14:59  Medivac  
  150  15:00  Marauder x2, Marine x2  
  150  15:05  Marauder  
  150  15:06  Marine  
  153  15:08  Marauder  
  153  15:18  Marine x2  
  157  15:21  Marauder  
  157  15:22  Marauder  
  157  15:24  Marine  
  157  15:26  Marauder  
  161  15:29  Marine  
  147  15:41  Marine x2  
  147  15:42  Marauder x2  
  149  15:43  Marauder  
  149  15:47  Marauder  
  149  15:48  Marauder  
  128  15:58  Marine  
  128  15:59  Marine  
  128  16:04  Marauder x2  
  134  16:05  Marauder  
  134  16:08  Marauder  
  134  16:09  Marine  
  133  16:16  Marine  
  103  16:21  Medivac x2  
  103  16:25  Marauder  
  109  16:26  Marauder  
  109  16:27  SCV x3  
  109  16:28  SCV  
  111  16:34  Marauder  
  111  16:36  Marine  
  112  16:45  Marine  
  112  16:47  Marauder, Marine  
  114  16:48  Marauder  
  114  16:53  Marine  
  118  16:54  SCV  
  118  16:55  Marauder  
  118  16:57  Marine  
  116  17:05  Marine  
  116  17:06  Marine  
  116  17:07  SCV  
  116  17:08  Marauder  
  119  17:09  Marauder  
  119  17:13  SCV  
  123  17:16  Planetary Fortress  
  123  17:17  Marauder  
  123  17:20  Marine  
  122  17:27  SCV  
  122  17:29  Marauder  
  125  17:32  SCV x2  
  125  17:34  SCV x2  
  129  17:39  SCV  
  129  17:41  Medivac, Marauder  
  128  17:45  SCV  
  128  17:46  SCV  
  128  17:48  Marine  
  128  17:51  Marine  
  123  17:55  Marine  
  107  18:02  Marine  
  98  18:08  Marine  
  93  18:18  SCV  
Tags
 
Add a new tag
Caveats
  • Supply blocks, unpowered buildings, or Contaminate may cause inaccurate times.
  • Supply counts are checked every 10 seconds.